 Dungeon Crawl Stone Soup version 0.15-a0-357-gf0ffff9 (webtiles) character file.

1027 Quh the Conjurer (level 7, -16/36 HPs)
             Began as a Deep Elf Conjurer on May 3, 2014.
             Shot with an arrow by a centaur (22 damage)
             ... on Level 6 of the Dungeon.
             The game lasted 00:32:27 (6057 turns).

Quh the Conjurer (Deep Elf Conjurer)                Turns: 6057, Time: 00:32:27

HP -16/36        AC  2     Str  7      XL: 7   Next: 36%
MP  10/20        EV 13     Int 23      God:
Gold 336         SH  0     Dex 15      Spells:  3 memorised,  3 levels left

rFire  . . .     SeeInvis .     J - +2,+1 spear (slay drac)
rCold  . . .     Clarity  .     a - -1 robe
rNeg   . . .     Conserve .     (no shield)
rPois  .         rCorr    .     K - -1 helmet
rElec  .         rRot     .     (no cloak)
SustAb . .       Spirit   .     (no gloves)
rMut   .         Warding  .     d - +0 pair of boots
Saprov . . .     Stasis   .     (no amulet)
MR     +....                    C - ring of protection from magic
                                l - +3 ring of intelligence

@: very slightly contaminated, somewhat resistant to hostile enchantments,
unstealthy
A: no striking features
a: no special abilities


You were on level 6 of the Dungeon.
You were starving.

You visited 1 branch of the dungeon, and saw 6 of its levels.

You collected 336 gold pieces.

Inventory:

Hand weapons
 n - a +0,+0 long sword of venom
 J - a +2,+1 spear of dragon slaying (weapon)
 L - a +0,+0 bow
Missiles
 w - 42 darts (quivered)
 M - 7 arrows of frost
Armour
 a - a -1 robe (worn)
 d - a +0 pair of boots (worn)
 K - a -1 helmet (worn)
Magical devices
 z - a wand of confusion (10) {unknown}
 F - a wand of hasting (1) {unknown}
 N - a wand of digging (19) {unknown}
Comestibles
 b - 6 bread rations
 h - a beef jerky
 k - 9 sultanas
 m - a meat ration
 q - 3 pears
Scrolls
 e - 3 scrolls of remove curse
 g - a scroll of immolation {unknown}
 i - 2 scrolls of blinking {unknown}
 r - 5 scrolls of noise
 s - 6 scrolls of identify
 t - a scroll of fear {unknown}
 u - 4 scrolls of amnesia
 v - 2 scrolls of enchant armour
 A - 3 scrolls of enchant weapon I {unknown}
 B - a scroll of random uselessness {unknown}
 I - a scroll of fog {unknown}
Jewellery
 l - a +3 ring of intelligence (left hand)
 o - an uncursed ring of sustain abilities
 p - an uncursed ring of loudness
 y - a +2 ring of intelligence
 C - a ring of protection from magic (right hand)
Potions
 f - a potion of might
 j - 4 potions of haste
 x - a potion of lignification
 D - a potion of magic
 E - 2 potions of agility {unknown}
 G - a potion of curing
 H - 2 potions of restore abilities
Books
 c - a book of Conjurations

   Spells                             Type                      Level
   *Magic Dart                        Conjuration                  1
   Searing Ray                        Conjuration                  2
   Dazzling Spray                     Conjuration/Hexes            3
   Fulminant Prism                    Conjuration/Hexes            4
   *Iskenderun's Mystic Blast         Conjuration                  4
   *Iskenderun's Battlesphere         Conjuration/Charms           5


   Skills:
 - Level 2.4 Dodging
 - Level 2.4 Stealth
 - Level 3.6 Spellcasting
 * Level 9.4 Conjurations
 * Level 3.0 Charms


You had 3 spell levels left.
You knew the following spells:

 Your Spells              Type           Power        Failure   Level  Hunger
a - Magic Dart            Conj           ####         1%          1    None
b - Iskenderun's Battles  Conj/Chrm      ####....     24%         5    #####..
c - Iskenderun's Mystic   Conj           #####...     2%          4    ####...


Dungeon Overview and Level Annotations

Branches:
Dungeon (6/15)
 Temple: D:4-7

Altars:
Kikubaaqudgha
Nemelex Xobeh
Okawaru

Annotations:
D:5 Sigmund


Message History

You miscast Iskenderun's Battlesphere.
You are very lightly contaminated with residual magic.
The air around you crackles with energy!
The centaur shoots an arrow.
The arrow hits you!
Casting: Iskenderun's Battlesphere
Confirm with . or Enter, or press ? or * to list all spells.
You miscast Iskenderun's Battlesphere.
Strange energies run through your body.
You are starving!
Casting: Iskenderun's Battlesphere
Confirm with . or Enter, or press ? or * to list all spells.
You don't have the energy to cast that spell.
The centaur shoots an arrow.
The arrow hits you!
* * * LOW HITPOINT WARNING * * *
The centaur shoots an arrow.
The arrow misses you.
There is a stone staircase leading up, spattered with blood here.
You see here an arrow.
You can't go down here!
The centaur shoots an arrow.
The arrow hits you!
Ouch! That really hurt!
You die...

#...#
#...#
#.c.#
#...#
#...#
#...#
#..(#
#...#
#@..#
#(..#
#...#
#...#
#...#
#)..#
#...#
#...#
#######
#...#
##......


You could see a centaur.

Vanquished Creatures
  An ice beast (D:6)
  A centaur (D:5)
  A giant frog (D:6)
  2 crimson imps
  A black bear zombie (D:5)
  An orc wizard (D:4)
  4 iguanas
  A worker ant (D:5)
  Terence (D:3)
  A shadow imp (D:5)
  4 adders
  3 giant mites
  2 worms
  2 giant eyeballs (D:5)
  5 giant geckos
  9 orcs
  6 giant cockroaches
  9 hobgoblins
  6 jackals
  8 kobolds
  A quokka (D:4)
  A ball python (D:1)
  11 bats
  A giant mite zombie (D:5)
  11 giant newts
  6 goblins
  A goblin skeleton (D:4)
  A hobgoblin skeleton (D:6)
  A hobgoblin zombie (D:6)
  9 rats
111 creatures vanquished.

Notes
Turn   | Place    | Note
--------------------------------------------------------------
     0 | D:1      | Quh, the Deep Elf Conjurer, began the quest for the Orb.
     0 | D:1      | Reached XP level 1. HP: 10/10 MP: 5/5
   391 | D:1      | Reached XP level 2. HP: 13/15 MP: 0/8
   466 | D:1      | Reached skill level 5 in Conjurations
  1147 | D:1      | Reached XP level 3. HP: 19/19 MP: 7/10
  1621 | D:2      | Reached skill level 6 in Conjurations
  1962 | D:3      | Reached XP level 4. HP: 24/24 MP: 10/13
  2669 | D:3      | Noticed Terence
  2874 | D:4      | Found a sparkling altar of Nemelex Xobeh.
  3132 | D:4      | Found an iron altar of Okawaru.
  3209 | D:4      | Reached skill level 7 in Conjurations
  3209 | D:4      | Reached XP level 5. HP: 28/28 MP: 13/16
  3216 | D:4      | Learned a level 5 spell: Iskenderun's Battlesphere
  3221 | D:4      | Learned a level 4 spell: Iskenderun's Mystic Blast
  3329 | D:4      | Reached skill level 1 in Charms
  3466 | D:5      | Entered Level 5 of the Dungeon
  3488 | D:5      | Noticed Sigmund
  4365 | D:5      | Reached XP level 6. HP: 16/32 MP: 12/18
  4405 | D:5      | Paralysed by a giant eyeball for 3 turns
  4900 | D:3      | Killed Terence
  5005 | D:5      | Reached skill level 8 in Conjurations
  5559 | D:5      | Reached XP level 7. HP: 32/36 MP: 11/20
  5596 | D:6      | Found an ancient bone altar of Kikubaaqudgha.
  5598 | D:6      | Paralysed by a giant eyeball for 3 turns
  5605 | D:5      | Paralysed by a giant eyeball for 3 turns
  5721 | D:6      | Reached skill level 9 in Conjurations
  6057 | D:6      | Shot with an arrow by a centaur

Action                   |  1- 3 |  4- 6 |  7- 9 || total
-------------------------+-------+-------+-------++-------
 Cast: Magic Dart        |    89 |   181 |    41 ||   311
       Iskenderun's Myst |       |     2 |     1 ||     3
       Iskenderun's Batt |       |       |     1 ||     1
  Use: Scroll            |     1 |     9 |     1 ||    11
       Potion            |       |     2 |     1 ||     3
